AoeStats
← Nordinateur93

Arena

509908622Analyzed
2v2 RM · 3d ago on Sep 28, 2026· 77m 18s· 4 players
Game mode
Random Map
Map size
Medium (4 player)
Population
200
Speed
Normal
Resources
Standard
Victory
Conquest
Starting age
Dark Age
Ending age
Imperial Age
RankedLock teamsTeams togetherTeam positionsShared explorationLock speedFull tech treeHidden civsTurbo modeCheats
Victory
Defeat
🇷🇺 Slavs · Russia
639
+16
🇷🇺 Sicilians · Russia
608
+17
🇫🇷 Britons · France
727
-20
🇫🇷 Gurjaras · France
556
-13
Ragnar Lothbrok
11:58 Feudal Age
12:36 Horse Collar
14:15 Double-Bit Axe
21:58 Castle Age
22:14 Forging
22:04 Scale Mail Armor
23:48 Iron Casting
26:43 Fletching
27:09 Chain Mail Armor
33:20 Bodkin Arrow
37:52 Ballistics
45:40 Imperial Age
45:44 Elite Serjeant
48:20 Blast Furnace
49:59 Heavy Plow
56:54 Plate Mail Armor
56:25 Bracer
65:56 Pikeman
66:19 Onager
69:15 Bow Saw
71:53 Chemistry
jesse.
11:55 Feudal Age
12:16 Horse Collar
12:23 Double-Bit Axe
13:15 Wheelbarrow
12:25 Town Watch
22:16 Castle Age
20:33 Gold Mining
22:13 Stone Mining
23:56 Heavy Plow
24:07 Bow Saw
24:14 Hand Cart
33:10 Town Patrol
40:41 Imperial Age
38:38 Masonry
38:24 Murder Holes
38:49 Ballistics
39:19 Husbandry
39:30 Bloodlines
39:02 Pikeman
39:43 Squires
40:41 Scale Mail Armor
41:02 Onager
41:30 Capped Ram
42:16 Halberdier
45:04 Chemistry
44:10 Siege Engineers
46:26 Crop Rotation
50:20 Chain Mail Armor
52:28 Plate Mail Armor
54:12 Forging
61:31 Siege Onager
63:31 Iron Casting
67:56 Conscription
69:46 Gold Shaft Mining
Boustos12
0:38 Loom
14:09 Feudal Age
15:24 Wheelbarrow
14:30 Horse Collar
14:38 Double-Bit Axe
15:53 Gold Mining
15:56 Stone Mining
21:10 Castle Age
20:24 Forging
20:05 Fletching
20:09 Town Watch
22:19 Hand Cart
24:50 Iron Casting
25:38 Bow Saw
26:16 Heavy Plow
28:48 Man-at-Arms
30:11 Gold Shaft Mining
31:04 Ballistics
30:54 Fortified Wall
31:27 Stone Shaft Mining
31:10 Bodkin Arrow
33:27 Treadmill Crane
38:01 Imperial Age
38:08 Elite Chakram Thrower
39:23 Conscription
40:37 Elite Elephant Archer
41:41 Bracer
43:44 Chemistry
Nordinateur93
0:27 Loom
12:35 Feudal Age
13:56 Wheelbarrow
13:04 Horse Collar
13:12 Double-Bit Axe
17:50 Gold Mining
21:56 Castle Age
19:54 Arson
19:56 Man-at-Arms
20:53 Stone Mining
23:13 Bow Saw
24:09 Hand Cart
24:00 Long Swordsman
25:08 Gambesons
25:54 Yeomen
34:28 Husbandry
36:32 Fletching
38:44 Caravan
40:59 Heavy Plow
42:50 Bodkin Arrow
42:56 Padded Archer Armor
74:21 Squires
74:41 Pikeman
Connection lost

Rejoining the realm…

Still unreachable

The connection could not be restored.

Session expired

The server has moved on; the page needs a fresh start.